 Dungeon Crawl Stone Soup version 0.31-a0-263-ge8cad7f256 (webtiles) character file.

Game seed: 4610160425448711480

105 qw the Shooter (level 4, -2/26 HPs)
             Began as a Gargoyle Hexslinger on July 13, 2023.
             Killed from afar by an orc wizard (10 damage)
             ... with a puff of flame
             ... on level 3 of the Dungeon.
             The game lasted 00:00:38 (1202 turns).

qw the Shooter (Gargoyle Hexslinger)                Turns: 1202, Time: 00:00:38

Health: -2/26      AC:  6    Str: 11    XL:     4   Next: 81%
Magic:  5/5        EV: 11    Int: 14    God:
Gold:   151        SH:  0    Dex: 14    Spells: 4/5 levels left

rFire   . . .        Y - +1 sling
rCold   . . .        (no shield)
rNeg    + . .        d - +0 leather armour
rPois   inf          (no helmet)
rElec   +            (no cloak)
rCorr   .            (no gloves)
SInv    .            (no boots)
Will    .....        c - amulet of regeneration
Stlth   +            (no ring)
HPRegen 1.04/turn    (no ring)
MPRegen 0.09/turn

%: no passive effects
@: no status effects
A: sickness immunity, AC +3, negative energy resistance 1, electricity
resistance, torment resistance 1, petrification resistance
a: no special abilities


You were on level 3 of the Dungeon.
You visited 1 branch of the dungeon, and saw 3 of its levels.

You collected 151 gold pieces.


Innate Abilities, Weirdness & Mutations

You are immune to sickness and miasma.
Your stone body is resilient. (AC +3)
You are immune to poison.
You resist negative energy. (rN+)
You are resistant to electric shocks. (rElec)
You are resistant to unholy torment.
You are immune to petrification.


   Skills:
 - Level 2.0 Fighting
 + Level 4.5 Ranged Weapons
 - Level 1.5 Dodging
 - Level 1.0 Spellcasting
 - Level 2.6 Hexes


You had 4 spell levels left.
You knew the following spells:

 Your Spells              Type           Power      Damage    Failure   Level
a - Slow                  Hex            32%        N/A       12%         1

Your spell library contained the following spells:

 Spells                   Type           Power      Damage    Failure   Level
 Inner Flame              Hex/Fire       4%         N/A       52%         3
 Portal Projectile        Hex/Tloc       8%         N/A       52%         3
 Cause Fear               Hex            4%         N/A       75%         4

Inventory:

Hand Weapons
 Y - a +1 sling (weapon)
Armour
 d - a +0 leather armour (worn)
Jewellery
 c - an amulet of regeneration (around neck)
Scrolls
 a - 2 scrolls of identify {unknown}
 f - a scroll of vulnerability {unknown}
Potions
 b - a potion of haste
 e - 2 potions of cancellation {unknown}
 h - 2 potions of curing

Dungeon Overview and Level Annotations

Branches:
Dungeon (3/15)

Altars:
Ru


Message History

You shoot a sling bullet.
An orc comes into view. It is wielding a +0 club.
You shoot a sling bullet.
You hear some strange, mumbled words.
A puff of flame appears from out of thin air!
The puff of flame hits you.
1191 ||| FLEEEEING.
1192 ||| FLEEEEING.
Something hits you but does no damage.
You shoot a sling bullet. Something hits you but does no damage.
You shoot a sling bullet. The sling bullet barely misses the orc.
Something hits you but does no damage.
You shoot a sling bullet.
The sling bullet hits the orc but does no damage.
Something hits you but does no damage. The orc hits you but does no damage.
You shoot a sling bullet. The sling bullet hits the orc.
The orc is heavily wounded.
The orc misses you. Something hits you. Something hits you but does no damage.
The orc barely misses you.
You shoot a sling bullet.
The sling bullet closely misses the orc.
The orc hits you but does no damage. Something hits you.
You shoot a sling bullet. The sling bullet hits the orc.
You kill the orc!
Something hits you but does no damage.
You shoot a sling bullet. Something hits you but does no damage.
You shoot a sling bullet.
You hear some strange, mumbled words.
A puff of flame appears from out of thin air!
The puff of flame hits you!
1201 ||| STILL FLEEEEING.
You hear some strange, mumbled words.
A puff of flame appears from out of thin air!
The puff of flame hits you!
You shoot a sling bullet.
You hear some strange, mumbled words.
A puff of flame appears from out of thin air!
The puff of flame hits you!
You die...

#. #.# #####.# #
#.#######.#######.....##
.##..............##.......
.....#####.##...##..#####
#... #.............# #.
#... #.##..........####.
#...##.##.............#.
.##....{.#..##........#.#.
........).@...#....###...#.
.####.#.P._.P.#|#..# ##...
#)#........###.# .#. .
#########.#..# #. #.
#..#.#####.#. #
....##.......## #####
##.####### #.# # #.#######


There were no monsters in sight!

Vanquished Creatures
  4 adders
  3 gnolls (D:2)
  2 orcs (D:3)
  7 bats
  3 endoplasms
  2 giant cockroaches
  A goblin (D:1)
  2 hobgoblins
  4 jackals (D:2)
  2 quokkas
  2 ball pythons (D:1)
  2 frilled lizards (D:2)
  2 kobolds (D:2)
  3 rats
39 creatures vanquished.

Notes
Turn   | Place    | Note
-------+----------+-------------------------------------------
     0 | D:1      | qw the Gargoyle Hexslinger began the quest for the Orb.
     0 | D:1      | Reached XP level 1. HP: 12/12 MP: 2/2
     0 | D:1      | 0 ||| qw: Version: 0.3-a-52-g30416fa
     0 | D:1      | 0 ||| qw: Game counter: 7386
     0 | D:1      | 0 ||| qw: Melee chars always use a shield: true
     0 | D:1      | 0 ||| qw: God list: Okawaru
     0 | D:1      | 0 ||| qw: Allow faded altars: false
     0 | D:1      | 0 ||| qw: Do Orc after clearing Dungeon:15 true
     0 | D:1      | 0 ||| qw: Do second Lair branch before Depths: true
     0 | D:1      | 0 ||| qw: Lair rune preference: random
     0 | D:1      | 0 ||| qw: Goals: Normal
     0 | D:1      | 0 ||| PLANNING D:1-11
    96 | D:1      | Reached XP level 2. HP: 16/16 MP: 3/3
   202 | D:1      | Reached skill level 3 in Ranged Weapons
   402 | D:1      | 402 ||| UPGRADING to +0 leather armour.
   412 | D:1      | 412 ||| DROPPING +0 robe.
   413 | D:1      | 413 ||| UPGRADING to amulet of guardian spirit.
   418 | D:1      | 418 ||| READING scroll labelled ZAOVEI ZUGE.
   419 | D:1      | 419 ||| DRINKING 2 bubbling silvery potions.
   420 | D:1      | 420 ||| DROPPING scroll of poison.
   430 | D:2      | 430 ||| STAIRDANCE
   434 | D:1      | Reached XP level 3. HP: 20/21 MP: 4/4
   706 | D:2      | HP: 5/21 [gnoll/+0 flail (3)]
   706 | D:2      | HP: 1/21 [gnoll/+0 spear (4)]
   707 | D:2      | 707 ||| DRINKING potion of heal wounds.
   710 | D:2      | Reached XP level 4. HP: 20/26 MP: 0/5
   718 | D:2      | Reached skill level 4 in Ranged Weapons
   938 | D:2      | Found a faded altar of an unknown god.
  1043 | D:2      | 1043 ||| UPGRADING to amulet of regeneration.
  1053 | D:2      | 1053 ||| DROPPING amulet of guardian spirit.
  1054 | D:2      | 1054 ||| READING scroll labelled JATZUPREOMI.
  1059 | D:2      | 1059 ||| DRINKING 2 black potions.
  1060 | D:2      | 1060 ||| DRINKING 3 inky potions.
  1150 | D:3      | Found a sacrificial altar of Ru.
  1191 | D:3      | 1191 ||| FLEEEEING.
  1192 | D:3      | 1192 ||| FLEEEEING.
  1201 | D:3      | HP: 6/26 [something/puff of flame (10)]
  1202 | D:3      | Killed from afar by an orc wizard

Levels and vault maps discovered:
D:1:      roderic_crossed_star, layout_rooms
D:2:      layout_rooms, ebering_ecumenical_altar_abandoned
D:3:      layout_loops_ring, mainiacjoe_overflow_tiny_flanked, uniq_grinder,
          uniq_crazy_yiuf_cottage

Skill      XL: |  1  2  3  4 |
---------------+-------------+-----
Ranged Weapons | 3 4 |  4.5
Fighting       | 2 |  2.0
Dodging        | |  1.5
Spellcasting   | |  1.0
Hexes          | |  2.6

Action                     |  1- 3 |  4- 6 || total
---------------------------+-------+-------++-------
   Fire: Sling             |    89 |    60 ||   149
    Use: Potion            |     2 |     2 ||     4
         Scroll            |     1 |     1 ||     2
 Armour: Leather armour    |    11 |    21 ||    32
  Dodge: Dodged            |    39 |    21 ||    60

Table legend:
 A = Non-vault XP
 B = Vault XP
 C = Vault XP percentage of total XP
 D = Non-vault monster count
 E = Vault monster count
 F = Vault count percentage of total count
                 A         B        C        D         E       F
            +---------+---------+-------+---------+---------+-------
      Total |     150 |       0 |   0.0 |      39 |       0 |   0.0
            +---------+---------+-------+---------+---------+-------
        D:1 |      36 |       0 |   0.0 |      13 |       0 |   0.0
        D:2 |     102 |       0 |   0.0 |      21 |       0 |   0.0
        D:3 |      12 |       0 |   0.0 |       5 |       0 |   0.0
            +---------+---------+-------+---------+---------+-------
